Blackdemons vs Little Stars

Created - 10 novembre 2015 at 19:12

Goals
1 2 3 T
Blackdemons 3 2 2 7
Little Stars 0 3 1 4
Shots
1 2 3 T
Blackdemons 11 10 15 36
Little Stars 9 19 3 31

1st period

1. Blackdemons , Bryan Rust 1 (Michael Haley, Wayne Primeau) at 9:03
2. Blackdemons , Enver Lisin 14 (Zach Boychuk, Matt Irwin) at 17:51 (PP)
3. Blackdemons , Barry Tallackson 12 (Eric Wellwood) at 18:39

Penalties :
Shawn Matthias (MJM) for Holding (Minor) at 11:03, Dennis Everberg (Tex) for Boarding (Minor) at 17:13

2nd period

4. Little Stars , Sean Avery 13 (Marcus Kruger, Raphael Diaz) at 8:15
5. Little Stars , Jesse Joensuu 2 (Cody Bass) at 9:07
6. Blackdemons , Enver Lisin 15 (Zach Boychuk, Patrice Cormier) at 14:29
7. Little Stars , Hugh Jessiman 5 (Mathieu Roy) at 16:12 (SH)
8. Blackdemons , Calvin de Haan 1 (Enver Lisin) at 16:16 (PP)

Penalties :
Jesse Joensuu (Tex) for Holding (Minor) at 0:41, Michael Haley (MJM) for Hooking (Minor) at 12:05, Marcus Kruger (Tex) for Cross-checking (Minor) at 15:57

3rd period

9. Blackdemons , Patrice Cormier 6 (Zach Boychuk, Andrew MacDonald) at 7:33 (PP)
10. Little Stars , Dana Tyrell 2 (Radko Gudas, Jared Spurgeon) at 9:58
11. Blackdemons , Zach Boychuk 14 (Andrew MacDonald, Enver Lisin) at 13:29

Penalties :
Jamie McGinn (Tex) for Hooking (Minor) at 7:07, Mathieu Roy (Tex) for Interference (Minor) at 7:25

Goalie Stats

Chris Mason (MJM), 27 saves from 31 shots - (0,871), W, 9-3-1, 60:00 minutes
Ben Scrivens (Tex), 10 saves from 14 shots - (0,714), 34:29 minutes
Peter Budaj (Tex), 19 saves from 22 shots - (0,864), L, 2-12-1, 25:31 minutes

Players Stats for Blackdemons

Player Name              G  A  P  +/- PIM S  H  SB GA TA FO     MP     PP MP  PK MP  
------------------------------------------------------------------------------------
Andrew MacDonald         0  2  2   2  0   3  0  2  0  0  0/0    19:58   2:34   1:23 
Barry Tallackson         1  0  1   0  0   5  6  0  0  1  0/0    16:07   1:50   0:03 
Bryan Rust               1  0  1   1  0   1  0  0  0  0  0/0    11:17   0:00   0:00 
Calvin de Haan           1  0  1  -2  0   1  2  0  1  0  0/0    19:32   2:39   0:00 
Enver Lisin              2  2  4   0  0   10 1  1  1  0  3/4    21:27   3:23   0:00 
Eric Wellwood            0  1  1   0  0   1  1  0  0  0  0/0    16:27   1:50   0:23 
Jakub Kindl              0  0  0   2  0   1  2  1  0  1  0/0    21:12   2:34   2:35 
Mathieu Dandenault       0  0  0  -1  0   1  0  0  0  0  0/0     8:13   0:00   1:02 
Matt Hunwick             0  0  0   0  0   0  0  0  0  0  0/0    20:30   0:00   2:35 
Matt Irwin               0  1  1  -1  0   2  0  2  0  1  0/0    22:02   2:39   1:23 
Michael Haley            0  1  1   1  2   1  5  0  2  0  0/0    11:32   0:00   0:13 
Patrice Cormier          1  1  2   0  0   2  1  0  0  0  11/37  22:29   3:23   1:02 
Richard Park             0  0  0  -1  0   0  0  0  0  0  0/1     9:31   0:00   2:20 
Scott Timmins            0  0  0  -1  0   1  0  1  0  0  0/0     7:47   0:00   0:33 
Shawn Matthias           0  0  0   0  2   0  0  0  0  0  2/5    16:06   1:50   0:00 
Steve Oleksy             0  0  0  -1  0   4  1  0  0  0  0/0    16:46   0:00   0:00 
Wayne Primeau            0  1  1   1  0   1  5  0  0  0  3/7    13:37   0:00   2:20 
Zach Boychuk             1  3  4   0  0   2  1  0  2  0  2/2    21:27   3:23   0:00 

Players Stats for Little Stars

Player Name              G  A  P  +/- PIM S  H  SB GA TA FO     MP     PP MP  PK MP  
------------------------------------------------------------------------------------
Alexander Vasyunov       0  0  0   0  0   3  1  0  0  0  0/0    11:03   0:00   0:40 
Andrej Nestrasil         0  0  0   0  0   0  0  0  0  0  0/0     1:21   0:00   0:00 
Cody Bass                0  1  1  -1  0   2  2  0  0  0  7/10   17:05   1:44   0:00 
Dana Tyrell              1  0  1   0  0   2  1  0  1  1  3/4    10:23   0:00   0:00 
Danny DeKeiser           0  0  0  -1  0   0  0  2  0  0  0/0    13:50   0:49   1:18 
Dennis Everberg          0  0  0  -1  2   2  1  1  0  0  0/1    16:29   0:00   0:00 
Erik Haula               0  0  0  -1  0   0  0  0  0  0  2/4     7:28   0:00   0:00 
Hugh Jessiman            1  0  1   2  0   2  4  1  0  0  0/0    22:59   2:14   3:15 
Jamie McGinn             0  0  0  -1  2   1  2  0  0  0  0/0     8:07   0:00   0:40 
Jared Spurgeon           0  1  1  -1  0   1  0  0  0  0  0/0    20:56   1:48   1:47 
Jesse Joensuu            1  0  1  -1  2   5  1  2  0  1  0/0    17:11   1:44   0:00 
Justin Faulk             0  0  0  -1  0   0  0  0  0  1  0/0    11:33   0:00   0:00 
Marcus Kruger            0  1  1   1  2   5  2  1  0  0  18/28  20:56   2:14   1:10 
Mathieu Roy              0  1  1   2  2   2  2  2  0  0  0/0    25:17   1:21   2:07 
Petter Granberg          0  0  0   1  0   0  0  0  0  0  0/0     4:03   0:49   0:00 
Radko Gudas              0  1  1  -1  0   1  0  3  0  3  0/0    20:56   1:48   1:47 
Raphael Diaz             0  1  1   1  0   0  0  4  2  0  0/0    23:28   1:21   3:26 
Ryan Vesce               0  0  0  -1  0   3  3  0  0  0  0/0    18:22   1:44   1:10 
Sean Avery               1  0  1   2  0   2  0  1  0  0  5/9    23:07   2:14   3:23 

3 Stars

1 - Enver Lisin (MJM)
2 - Zach Boychuk (MJM)
3 - Hugh Jessiman (Tex)

Power Play

Blackdemons - 3 on 5 Attempt(s) - 60,00%
Little Stars - 0 on 2 Attempt(s) - 0,00%

Penalty Kill

Blackdemons - 2 on 2 Attempt(s) - 100,00% - Score 0 goal in Penalty Kill
Little Stars - 2 on 5 Attempt(s) - 40,00% - Score 1 goal in Penalty Kill

Team Stat

Blackdemons - Hits : 25 - Faceoff Wins : 21 - Blocked Shots : 7 - Penalty Minutes : 4
Little Stars - Hits : 19 - Faceoff Wins : 35 - Blocked Shots : 17 - Penalty Minutes : 10

Official

Referees : Devorski Paul and Hasenfratz Mike
Linesman : Jonny Murray and Mark Wheler

Game Notes

Peter Budaj enters game at 14:29 of 2nd period

Finance

Level 1 -- Attendance: 1311 (65,55%) -- Ticket Income 45 885 $
Level 2 -- Attendance: 666 (66,60%) -- Ticket Income 9 990 $
Total Attendance: 1977 (65,90%)
Total Ticket Income: 55 875 $
Other Income: 2 794 $
Total Income: 58 669 $

Blackdemons

5 vs 5 Forward 
   Center                   Left Wing                Right Wing               Time % Phy DF OF 
 1 Patrice Cormier          Zach Boychuk             Enver Lisin              40     1   2  2  
 2 Shawn Matthias           Eric Wellwood            Barry Tallackson         30     2   2  1  
 3 Wayne Primeau            Michael Haley            Bryan Rust               20     1   3  1  
 4 Scott Timmins            Richard Park             Mathieu Dandenault       10     1   4  0  

5 vs 5 Defense 
   Defense                  Defense                                           Time % Phy DF OF 
 1 Matt Irwin               Matt Hunwick                                      34     1   3  1  
 2 Jakub Kindl              Andrew MacDonald                                  33     1   3  1  
 3 Steve Oleksy             Calvin de Haan                                    33     1   3  1  
 4 Matt Irwin               Andrew MacDonald                                  0      1   1  3  

PowerPlay Forward 
   Center                   Left Wing                Right Wing               Time % Phy DF OF 
 1 Patrice Cormier          Zach Boychuk             Enver Lisin              60     1   0  4  
 2 Shawn Matthias           Eric Wellwood            Barry Tallackson         40     3   0  2  

PowerPlay Defense
   Defense                  Defense                                           Time % Phy DF OF 
 1 Matt Irwin               Calvin de Haan                                    60     1   2  2  
 2 Jakub Kindl              Andrew MacDonald                                  40     1   2  2  

Penalty Kill 4 Players Forward 
   Center                   Wing                     Time % Phy DF OF 
 1 Wayne Primeau            Richard Park             60     1   4  0  
 2 Patrice Cormier          Mathieu Dandenault       40     1   4  0  

Penalty Kill 4 Players Defense
   Defense                  Defense                  Time % Phy DF OF 
 1 Jakub Kindl              Matt Hunwick             60     1   4  0  
 2 Matt Irwin               Andrew MacDonald         40     1   3  1  

Penalty Kill - 3 Players Forward 
   Forward                                           Time % Phy DF OF 
 1 Richard Park                                      60     0   5  0  
 2 Mathieu Dandenault                                40     0   5  0  

Penalty Kill - 3 Players Defense
   Defense                  Defense                  Time % Phy DF OF 
 1 Jakub Kindl              Matt Hunwick             60     1   4  0  
 2 Matt Irwin               Andrew MacDonald         40     1   4  0  

4 vs 4 Forward 
   Center                   Wing                     Time % Phy DF OF 
 1 Shawn Matthias           Enver Lisin              60     1   2  2  
 2 Wayne Primeau            Zach Boychuk             40     0   2  3  

4 vs 4 Defense
   Defense                  Defense                  Time % Phy DF OF 
 1 Matt Irwin               Calvin de Haan           60     1   3  1  
 2 Jakub Kindl              Andrew MacDonald         40     1   3  1  

Last Minutes Offensive
   Center                   Left Wing                Right Wing               Defense                  Defense                  
   Wayne Primeau            Zach Boychuk             Enver Lisin              Matt Irwin               Andrew MacDonald         

Last Minutes Defensive
   Center                   Left Wing                Right Wing               Defense                  Defense                  
   Wayne Primeau            Richard Park             Mathieu Dandenault       Jakub Kindl              Matt Hunwick             

Goaltenders
Starting : Chris Mason              
Backup : Matt Hackett             

Extra Forwards
Normal : Michael Haley, Enver Lisin, Zach Boychuk - PP : Michael Haley, Wayne Primeau - PK : Barry Tallackson
Extra Defensemen
Normal : Steve Oleksy, Calvin de Haan, Matt Hunwick - PP : Steve Oleksy - PK : Steve Oleksy, Calvin de Haan
Penalty Shots
Barry Tallackson, Enver Lisin, Shawn Matthias, Zach Boychuk, Michael Haley

Little Stars

5 vs 5 Forward 
   Center                   Left Wing                Right Wing               Time % Phy DF OF 
 1 Marcus Kruger            Sean Avery               Hugh Jessiman            40     1   2  2  
 2 Cody Bass                Jesse Joensuu            Ryan Vesce               30     1   2  2  
 3 Dana Tyrell              Alexander Vasyunov       Dennis Everberg          20     1   2  2  
 4 Erik Haula               Jamie McGinn             Dennis Everberg          10     1   2  2  

5 vs 5 Defense 
   Defense                  Defense                                           Time % Phy DF OF 
 1 Mathieu Roy              Raphael Diaz                                      40     1   2  2  
 2 Radko Gudas              Jared Spurgeon                                    30     1   2  2  
 3 Danny DeKeiser           Justin Faulk                                      20     1   2  2  
 4 Petter Granberg          Mathieu Roy                                       10     1   2  2  

PowerPlay Forward 
   Center                   Left Wing                Right Wing               Time % Phy DF OF 
 1 Marcus Kruger            Sean Avery               Hugh Jessiman            60     1   2  2  
 2 Cody Bass                Jesse Joensuu            Ryan Vesce               40     1   2  2  

PowerPlay Defense
   Defense                  Defense                                           Time % Phy DF OF 
 1 Mathieu Roy              Raphael Diaz                                      60     1   2  2  
 2 Radko Gudas              Jared Spurgeon                                    40     1   2  2  

Penalty Kill 4 Players Forward 
   Center                   Wing                     Time % Phy DF OF 
 1 Sean Avery               Hugh Jessiman            60     1   2  2  
 2 Ryan Vesce               Marcus Kruger            40     1   2  2  

Penalty Kill 4 Players Defense
   Defense                  Defense                  Time % Phy DF OF 
 1 Mathieu Roy              Raphael Diaz             60     1   2  2  
 2 Radko Gudas              Jared Spurgeon           40     1   2  2  

Penalty Kill - 3 Players Forward 
   Forward                                           Time % Phy DF OF 
 1 Sean Avery                                        60     1   2  2  
 2 Hugh Jessiman                                     40     1   2  2  

Penalty Kill - 3 Players Defense
   Defense                  Defense                  Time % Phy DF OF 
 1 Mathieu Roy              Raphael Diaz             60     1   2  2  
 2 Radko Gudas              Jared Spurgeon           40     1   2  2  

4 vs 4 Forward 
   Center                   Wing                     Time % Phy DF OF 
 1 Sean Avery               Hugh Jessiman            60     1   2  2  
 2 Ryan Vesce               Marcus Kruger            40     1   2  2  

4 vs 4 Defense
   Defense                  Defense                  Time % Phy DF OF 
 1 Mathieu Roy              Raphael Diaz             60     1   2  2  
 2 Radko Gudas              Jared Spurgeon           40     1   2  2  

Last Minutes Offensive
   Center                   Left Wing                Right Wing               Defense                  Defense                  
   Marcus Kruger            Sean Avery               Hugh Jessiman            Mathieu Roy              Raphael Diaz             

Last Minutes Defensive
   Center                   Left Wing                Right Wing               Defense                  Defense                  
   Marcus Kruger            Sean Avery               Hugh Jessiman            Mathieu Roy              Raphael Diaz             

Goaltenders
Starting : Ben Scrivens             
Backup : Peter Budaj              

Extra Forwards
Normal : Andrej Nestrasil, Dana Tyrell, Alexander Vasyunov - PP : Andrej Nestrasil, Dana Tyrell - PK : Alexander Vasyunov
Extra Defensemen
Normal : Petter Granberg, Danny DeKeiser, Justin Faulk - PP : Petter Granberg - PK : Danny DeKeiser, Justin Faulk
Penalty Shots
Sean Avery, Hugh Jessiman, Ryan Vesce, Marcus Kruger, Cody Bass

% Time on Ice - Blackdemons

Lines # - Real PCT - Wanted PCT - Time Play
Normal Forward
1 - 36% - 40% - 18:07
2 - 28% - 30% - 14:14
3 - 22% - 20% - 11:17
4 - 14% - 10% - 7:11
Normal Defense
1 - 35% - 34% - 18:02
2 - 30% - 33% - 15:13
3 - 33% - 33% - 16:46
4 - 2% - 0% - 0:48
PP Forward
1 - 65% - 60% - 3:23
2 - 35% - 40% - 1:50
PP Defense
1 - 51% - 60% - 2:39
2 - 49% - 40% - 2:34
PK Forward
1 - 74% - 60% - 2:56
2 - 26% - 40% - 1:02
PK Defense
1 - 65% - 60% - 2:35
2 - 35% - 40% - 1:23
PK3 Forward
1 - 0% - 60%
2 - 0% - 40%
PK3 Defense
1 - 0% - 60%
2 - 0% - 40%
44 Forward
1 - 0% - 60%
2 - 0% - 40%
44 Defense
1 - 0% - 60%
2 - 0% - 40%
Last Minute Offensive  - 0:00
Last Minute Defensive  - 0:00
Total
Forward - 60:00
Defense - 60:00

% Time on Ice - Little Stars

Lines # - Real PCT - Wanted PCT - Time Play
Normal Forward
1 - 34% - 40% - 17:30
2 - 30% - 30% - 15:28
3 - 20% - 20% - 10:23
4 - 15% - 10% - 7:28
Normal Defense
1 - 37% - 40% - 18:41
2 - 34% - 30% - 17:21
3 - 23% - 20% - 11:33
4 - 6% - 10% - 3:14
PP Forward
1 - 56% - 60% - 2:14
2 - 44% - 40% - 1:44
PP Defense
1 - 55% - 60% - 2:10
2 - 45% - 40% - 1:48
PK Forward
1 - 77% - 60% - 3:55
2 - 23% - 40% - 1:10
PK Defense
1 - 65% - 60% - 3:18
2 - 35% - 40% - 1:47
PK3 Forward
1 - 100% - 60% - 0:08
2 - 0% - 40% - 0:00
PK3 Defense
1 - 100% - 60% - 0:08
2 - 0% - 40% - 0:00
44 Forward
1 - 0% - 60%
2 - 0% - 40%
44 Defense
1 - 0% - 60%
2 - 0% - 40%
Last Minute Offensive  - 0:00
Last Minute Defensive  - 0:00
Total
Forward - 60:00
Defense - 60:00

Play by Play

1st period


0:01 of 1st period - Marcus Kruger wins face-off versus Patrice Cormier in neutral zone.
1:13 of 1st period - Slapshot by Matt Irwin.
1:13 of 1st period - Deflect By Mathieu Dandenault.
1:13 of 1st period - Shot Misses the Net.
1:13 of 1st period - Puck is out of play.
1:14 of 1st period - Erik Haula wins face-off versus Patrice Cormier in Little Stars zone.
1:27 of 1st period - Slapshot by Mathieu Roy.
1:27 of 1st period - Stopped by Chris Mason without a rebound.
1:28 of 1st period - Cody Bass wins face-off versus Shawn Matthias in Blackdemons zone.
1:33 of 1st period - Snap shot by Jesse Joensuu.
1:33 of 1st period - Stopped by Chris Mason without a rebound.
1:34 of 1st period - Shawn Matthias wins face-off versus Cody Bass in Blackdemons zone.
2:03 of 1st period - Snap shot by Zach Boychuk.
2:03 of 1st period - Shot Misses the Net.
2:39 of 1st period - Calvin de Haan is hit by Cody Bass and loses puck.
2:58 of 1st period - Slapshot by Shawn Matthias.
2:58 of 1st period - Shot Blocked by Danny DeKeiser.
3:00 of 1st period - Slapshot by Steve Oleksy.
3:00 of 1st period - Stopped by Ben Scrivens with a rebound.
3:02 of 1st period - Slapshot by Steve Oleksy.
3:02 of 1st period - Stopped by Ben Scrivens with a rebound.
3:16 of 1st period - Wrist shot by Sean Avery.
3:16 of 1st period - Stopped by Chris Mason without a rebound.
3:17 of 1st period - Enver Lisin wins face-off versus Marcus Kruger in Blackdemons zone.
3:50 of 1st period - Slapshot by Andrew MacDonald.
3:50 of 1st period - Deflect By Sean Avery.
3:50 of 1st period - Stopped by Ben Scrivens with a rebound.
4:15 of 1st period - Wrist shot by Ryan Vesce.
4:15 of 1st period - Stopped by Chris Mason without a rebound.
4:16 of 1st period - Dana Tyrell wins face-off versus Patrice Cormier in Blackdemons zone.
4:41 of 1st period - Raphael Diaz is hit by Wayne Primeau and loses puck.
5:08 of 1st period - Slapshot by Mathieu Roy.
5:08 of 1st period - Shot Blocked by Jakub Kindl.
5:28 of 1st period - Snap shot by Marcus Kruger.
5:28 of 1st period - Stopped by Chris Mason with a rebound.
5:30 of 1st period - Slapshot by Mathieu Roy.
5:30 of 1st period - Shot Misses the Net.
7:07 of 1st period - Icing by Patrice Cormier.
7:08 of 1st period - Erik Haula wins face-off versus Patrice Cormier in Blackdemons zone.
7:09 of 1st period - Slapshot by Radko Gudas.
7:09 of 1st period - Shot Blocked by Enver Lisin.
7:31 of 1st period - Snap shot by Marcus Kruger.
7:31 of 1st period - Shot Blocked by Matt Irwin.
7:51 of 1st period - Dennis Everberg is hit by Wayne Primeau and loses puck.
7:58 of 1st period - Matt Hunwick is hit by Dennis Everberg and loses puck.
8:43 of 1st period - Wrist shot by Shawn Matthias.
8:43 of 1st period - Shot Misses the Net.
9:01 of 1st period - Wrist shot by Michael Haley.
9:01 of 1st period - Stopped by Ben Scrivens with a rebound.
9:03 of 1st period - Wrist shot by Bryan Rust.
9:03 of 1st period - Goal by Bryan Rust - Blackdemons : 1 - Little Stars : 0.
9:04 of 1st period - Marcus Kruger wins face-off versus Patrice Cormier in neutral zone.
9:15 of 1st period - Snap shot by Enver Lisin.
9:15 of 1st period - Stopped by Ben Scrivens without a rebound.
9:16 of 1st period - Marcus Kruger wins face-off versus Patrice Cormier in Little Stars zone.
10:01 of 1st period - Calvin de Haan is hit by Alexander Vasyunov and loses puck.
10:42 of 1st period - Snap shot by Shawn Matthias.
10:42 of 1st period - Shot Misses the Net.
11:03 of 1st period - Minor Penalty to Shawn Matthias for Holding.
11:04 of 1st period - Marcus Kruger wins face-off versus Wayne Primeau in Blackdemons zone.
11:37 of 1st period - Jakub Kindl is hit by Ryan Vesce and loses puck.
13:00 of 1st period - Michael Haley is hit by Hugh Jessiman and loses puck.
13:03 of 1st period - Penalty to Shawn Matthias is over, Shawn Matthias is back on ice.
13:11 of 1st period - Slapshot by Enver Lisin.
13:11 of 1st period - Shot Misses the Net.
13:23 of 1st period - Enver Lisin is hit by Jamie McGinn and loses puck.
15:15 of 1st period - Mathieu Roy is hit by Zach Boychuk and loses puck.
15:55 of 1st period - Mathieu Roy is hit by Jakub Kindl and loses puck.
16:07 of 1st period - Off-side.
16:08 of 1st period - Patrice Cormier wins face-off versus Dennis Everberg in neutral zone.
16:21 of 1st period - Snap shot by Ryan Vesce.
16:21 of 1st period - Deflect By Cody Bass.
16:21 of 1st period - Stopped by Chris Mason without a rebound.
16:22 of 1st period - Cody Bass wins face-off versus Patrice Cormier in Blackdemons zone.
16:23 of 1st period - Snap shot by Ryan Vesce.
16:23 of 1st period - Stopped by Chris Mason without a rebound.
16:24 of 1st period - Cody Bass wins face-off versus Patrice Cormier in Blackdemons zone.
16:27 of 1st period - Wrist shot by Cody Bass.
16:27 of 1st period - Shot Misses the Net.
17:13 of 1st period - Minor Penalty to Dennis Everberg for Boarding.
17:14 of 1st period - Sean Avery wins face-off versus Patrice Cormier in Little Stars zone.
17:51 of 1st period - Wrist shot by Enver Lisin.
17:51 of 1st period - Goal by Enver Lisin - Blackdemons : 2 - Little Stars : 0.
17:52 of 1st period - Cody Bass wins face-off versus Shawn Matthias in neutral zone.
18:03 of 1st period - Slapshot by Andrew MacDonald.
18:03 of 1st period - Stopped by Ben Scrivens without a rebound.
18:04 of 1st period - Marcus Kruger wins face-off versus Patrice Cormier in Little Stars zone.
18:34 of 1st period - Ryan Vesce is hit by Barry Tallackson and loses puck.
18:39 of 1st period - Snap shot by Barry Tallackson.
18:39 of 1st period - Goal by Barry Tallackson - Blackdemons : 3 - Little Stars : 0.
18:40 of 1st period - Zach Boychuk wins face-off versus Marcus Kruger in neutral zone.
18:43 of 1st period - Slapshot by Andrew MacDonald.
18:43 of 1st period - Stopped by Ben Scrivens with a rebound.
18:45 of 1st period - Snap shot by Zach Boychuk.
18:45 of 1st period - Shot Blocked by Raphael Diaz.
18:47 of 1st period - Snap shot by Patrice Cormier.
18:47 of 1st period - Shot Blocked by Mathieu Roy.
18:49 of 1st period - Slapshot by Andrew MacDonald.
18:49 of 1st period - Shot Blocked by Hugh Jessiman.
18:51 of 1st period - Wrist shot by Enver Lisin.
18:51 of 1st period - Shot Blocked by Raphael Diaz.
18:53 of 1st period - Wrist shot by Patrice Cormier.
18:53 of 1st period - Stopped by Ben Scrivens without a rebound.
18:54 of 1st period - Zach Boychuk wins face-off versus Marcus Kruger in Little Stars zone.
18:55 of 1st period - Snap shot by Enver Lisin.
18:55 of 1st period - Shot Blocked by Marcus Kruger.
19:07 of 1st period - Snap shot by Sean Avery.
19:07 of 1st period - Shot Misses the Net.
19:09 of 1st period - Wrist shot by Sean Avery.
19:09 of 1st period - Shot Blocked by Matt Irwin.
19:19 of 1st period - Jesse Joensuu is hit by Barry Tallackson.
19:29 of 1st period - Snap shot by Cody Bass.
19:29 of 1st period - Stopped by Chris Mason with a rebound.
19:45 of 1st period - Snap shot by Dennis Everberg.
19:45 of 1st period - Stopped by Chris Mason without a rebound.
19:46 of 1st period - Patrice Cormier wins face-off versus Marcus Kruger in Blackdemons zone.
Goals for this period are 3 for Blackdemons vs 0 for Little Stars.
Shots for this period are 11 for Blackdemons vs 9 for Little Stars.

2nd period


0:01 of 2nd period - Marcus Kruger wins face-off versus Patrice Cormier in neutral zone.
0:41 of 2nd period - Minor Penalty to Jesse Joensuu for Holding.
0:42 of 2nd period - Sean Avery wins face-off versus Patrice Cormier in Little Stars zone.
2:40 of 2nd period - Barry Tallackson is hit by Mathieu Roy and loses puck.
2:41 of 2nd period - Penalty to Jesse Joensuu is over, Jesse Joensuu is back on ice.
3:03 of 2nd period - Mathieu Roy is hit by Wayne Primeau and loses puck.
3:18 of 2nd period - Snap shot by Mathieu Roy.
3:18 of 2nd period - Shot Blocked by Scott Timmins.
3:20 of 2nd period - Slapshot by Mathieu Roy.
3:20 of 2nd period - Stopped by Chris Mason with a rebound.
3:30 of 2nd period - Hugh Jessiman is hit by Wayne Primeau and loses puck.
3:43 of 2nd period - Jesse Joensuu is hit by Calvin de Haan and loses puck.
4:55 of 2nd period - Cody Bass is hit by Michael Haley and loses puck.
5:15 of 2nd period - Snap shot by Alexander Vasyunov.
5:15 of 2nd period - Stopped by Chris Mason without a rebound.
5:16 of 2nd period - Dana Tyrell wins face-off versus Patrice Cormier in Blackdemons zone.
5:19 of 2nd period - Wrist shot by Alexander Vasyunov.
5:19 of 2nd period - Stopped by Chris Mason without a rebound.
5:20 of 2nd period - Dana Tyrell wins face-off versus Patrice Cormier in Blackdemons zone.
6:01 of 2nd period - Icing by Marcus Kruger.
6:02 of 2nd period - Marcus Kruger wins face-off versus Wayne Primeau in Little Stars zone.
6:11 of 2nd period - Wrist shot by Ryan Vesce.
6:11 of 2nd period - Stopped by Chris Mason with a rebound.
6:37 of 2nd period - Slapshot by Sean Avery.
6:37 of 2nd period - Shot Misses the Net.
7:09 of 2nd period - Backhand shot by Ryan Vesce.
7:09 of 2nd period - Deflect By Jesse Joensuu.
7:09 of 2nd period - Stopped by Chris Mason with a rebound.
7:27 of 2nd period - Wrist shot by Marcus Kruger.
7:27 of 2nd period - Shot Misses the Net.
7:37 of 2nd period - Andrew MacDonald is hit by Mathieu Roy and loses puck.
7:42 of 2nd period - Slapshot by Mathieu Roy.
7:42 of 2nd period - Deflect By Jamie McGinn.
7:42 of 2nd period - Stopped by Chris Mason with a rebound.
7:44 of 2nd period - Snap shot by Dennis Everberg.
7:44 of 2nd period - Stopped by Chris Mason with a rebound.
7:54 of 2nd period - Jared Spurgeon is hit by Enver Lisin and loses puck.
8:01 of 2nd period - Snap shot by Zach Boychuk.
8:01 of 2nd period - Shot Misses the Net.
8:05 of 2nd period - Snap shot by Enver Lisin.
8:05 of 2nd period - Stopped by Ben Scrivens without a rebound.
8:06 of 2nd period - Marcus Kruger wins face-off versus Shawn Matthias in Little Stars zone.
8:15 of 2nd period - Snap shot by Sean Avery.
8:15 of 2nd period - Goal by Sean Avery - Blackdemons : 3 - Little Stars : 1.
8:16 of 2nd period - Marcus Kruger wins face-off versus Patrice Cormier in neutral zone.
8:53 of 2nd period - Off-side.
8:54 of 2nd period - Cody Bass wins face-off versus Patrice Cormier in neutral zone.
9:07 of 2nd period - Wrist shot by Jesse Joensuu.
9:07 of 2nd period - Goal by Jesse Joensuu - Blackdemons : 3 - Little Stars : 2.
9:08 of 2nd period - Patrice Cormier wins face-off versus Marcus Kruger in neutral zone.
9:42 of 2nd period - Radko Gudas is hit by Michael Haley and loses puck.
10:04 of 2nd period - Snap shot by Cody Bass.
10:04 of 2nd period - Shot Misses the Net.
10:24 of 2nd period - Snap shot by Dana Tyrell.
10:24 of 2nd period - Shot Misses the Net.
11:05 of 2nd period - Raphael Diaz is hit by Steve Oleksy and loses puck.
11:48 of 2nd period - Slapshot by Jared Spurgeon.
11:48 of 2nd period - Stopped by Chris Mason with a rebound.
11:52 of 2nd period - Snap shot by Alexander Vasyunov.
11:52 of 2nd period - Stopped by Chris Mason with a rebound.
12:05 of 2nd period - Minor Penalty to Michael Haley for Hooking.
12:06 of 2nd period - Marcus Kruger wins face-off versus Richard Park in Blackdemons zone.
12:31 of 2nd period - Jakub Kindl is hit by Cody Bass and loses puck.
12:36 of 2nd period - Snap shot by Jesse Joensuu.
12:36 of 2nd period - Stopped by Chris Mason with a rebound.
12:38 of 2nd period - Snap shot by Jared Spurgeon.
12:38 of 2nd period - Shot Misses the Net.
12:40 of 2nd period - Wrist shot by Radko Gudas.
12:40 of 2nd period - Stopped by Chris Mason without a rebound.
12:41 of 2nd period - Marcus Kruger wins face-off versus Wayne Primeau in Blackdemons zone.
12:48 of 2nd period - Wrist shot by Marcus Kruger.
12:48 of 2nd period - Stopped by Chris Mason with a rebound.
12:50 of 2nd period - Snap shot by Radko Gudas.
12:50 of 2nd period - Shot Blocked by Andrew MacDonald.
12:52 of 2nd period - Wrist shot by Marcus Kruger.
12:52 of 2nd period - Stopped by Chris Mason without a rebound.
12:53 of 2nd period - Wayne Primeau wins face-off versus Marcus Kruger in Blackdemons zone.
14:05 of 2nd period - Penalty to Michael Haley is over, Michael Haley is back on ice.
14:15 of 2nd period - Snap shot by Barry Tallackson.
14:15 of 2nd period - Shot Blocked by Radko Gudas.
14:17 of 2nd period - Slapshot by Jakub Kindl.
14:17 of 2nd period - Stopped by Ben Scrivens without a rebound.
14:18 of 2nd period - Patrice Cormier wins face-off versus Dana Tyrell in Little Stars zone.
14:27 of 2nd period - Snap shot by Enver Lisin.
14:27 of 2nd period - Shot Misses the Net.
14:29 of 2nd period - Wrist shot by Enver Lisin.
14:29 of 2nd period - Goal by Enver Lisin - Blackdemons : 4 - Little Stars : 2.
14:29 of 2nd period - Peter Budaj enters game.
14:30 of 2nd period - Marcus Kruger wins face-off versus Enver Lisin in neutral zone.
14:33 of 2nd period - Wrist shot by Mathieu Roy.
14:33 of 2nd period - Shot Misses the Net.
14:55 of 2nd period - Mathieu Roy is hit by Barry Tallackson and loses puck.
15:04 of 2nd period - Wrist shot by Barry Tallackson.
15:04 of 2nd period - Shot Misses the Net.
15:06 of 2nd period - Slapshot by Eric Wellwood.
15:06 of 2nd period - Stopped by Peter Budaj with a rebound.
15:08 of 2nd period - Snap shot by Barry Tallackson.
15:08 of 2nd period - Stopped by Peter Budaj without a rebound.
15:09 of 2nd period - Patrice Cormier wins face-off versus Marcus Kruger in Little Stars zone.
15:54 of 2nd period - Slapshot by Wayne Primeau.
15:54 of 2nd period - Stopped by Peter Budaj without a rebound.
15:55 of 2nd period - Marcus Kruger wins face-off versus Patrice Cormier in Little Stars zone.
15:57 of 2nd period - Minor Penalty to Marcus Kruger for Cross-checking.
15:58 of 2nd period - Sean Avery wins face-off versus Patrice Cormier in Little Stars zone.
16:12 of 2nd period - Snap shot by Hugh Jessiman.
16:12 of 2nd period - Goal by Hugh Jessiman - Blackdemons : 4 - Little Stars : 3.
16:13 of 2nd period - Enver Lisin wins face-off versus Sean Avery in neutral zone.
16:16 of 2nd period - Slapshot by Calvin de Haan.
16:16 of 2nd period - Goal by Calvin de Haan - Blackdemons : 5 - Little Stars : 3.
16:17 of 2nd period - Marcus Kruger wins face-off versus Patrice Cormier in neutral zone.
16:26 of 2nd period - Snap shot by Marcus Kruger.
16:26 of 2nd period - Stopped by Chris Mason with a rebound.
16:28 of 2nd period - Wrist shot by Marcus Kruger.
16:28 of 2nd period - Stopped by Chris Mason without a rebound.
16:29 of 2nd period - Marcus Kruger wins face-off versus Patrice Cormier in Blackdemons zone.
16:54 of 2nd period - Shawn Matthias is hit by Ryan Vesce and loses puck.
17:13 of 2nd period - Slapshot by Matt Irwin.
17:13 of 2nd period - Shot Blocked by Radko Gudas.
17:15 of 2nd period - Snap shot by Scott Timmins.
17:15 of 2nd period - Stopped by Peter Budaj with a rebound.
17:25 of 2nd period - Snap shot by Mathieu Dandenault.
17:25 of 2nd period - Stopped by Peter Budaj without a rebound.
17:26 of 2nd period - Patrice Cormier wins face-off versus Marcus Kruger in Little Stars zone.
17:29 of 2nd period - Snap shot by Zach Boychuk.
17:29 of 2nd period - Shot Blocked by Raphael Diaz.
17:35 of 2nd period - Zach Boychuk is hit by Hugh Jessiman and loses puck.
18:02 of 2nd period - Wrist shot by Shawn Matthias.
18:02 of 2nd period - Shot Misses the Net.
18:50 of 2nd period - Enver Lisin is hit by Hugh Jessiman and loses puck.
19:01 of 2nd period - Ryan Vesce is hit by Patrice Cormier.
19:17 of 2nd period - Slapshot by Dana Tyrell.
19:17 of 2nd period - Stopped by Chris Mason with a rebound.
19:27 of 2nd period - Slapshot by Steve Oleksy.
19:27 of 2nd period - Stopped by Peter Budaj without a rebound.
19:28 of 2nd period - Cody Bass wins face-off versus Wayne Primeau in Little Stars zone.
19:28 of 2nd period - Cody Bass is hit by Wayne Primeau.
19:34 of 2nd period - Snap shot by Cody Bass.
19:34 of 2nd period - Deflect By Wayne Primeau.
19:34 of 2nd period - Shot Blocked by Andrew MacDonald.
19:34 of 2nd period - Puck is out of play.
19:35 of 2nd period - Marcus Kruger wins face-off versus Patrice Cormier in Blackdemons zone.
19:44 of 2nd period - Snap shot by Sean Avery.
19:44 of 2nd period - Shot Misses the Net.
19:46 of 2nd period - Slapshot by Hugh Jessiman.
19:46 of 2nd period - Shot Misses the Net.
Goals for this period are 2 for Blackdemons vs 3 for Little Stars.
Shots for this period are 10 for Blackdemons vs 19 for Little Stars.

3rd period


0:01 of 3rd period - Enver Lisin wins face-off versus Marcus Kruger in neutral zone.
0:06 of 3rd period - Wrist shot by Enver Lisin.
0:06 of 3rd period - Shot Hit the Post.
0:08 of 3rd period - Snap shot by Enver Lisin.
0:08 of 3rd period - Shot Blocked by Mathieu Roy.
0:10 of 3rd period - Slapshot by Calvin de Haan.
0:10 of 3rd period - Shot Misses the Net.
0:59 of 3rd period - Backhand shot by Radko Gudas.
0:59 of 3rd period - Shot Misses the Net.
1:13 of 3rd period - Backhand shot by Steve Oleksy.
1:13 of 3rd period - Shot Misses the Net.
1:23 of 3rd period - Snap shot by Enver Lisin.
1:23 of 3rd period - Stopped by Peter Budaj with a rebound.
2:05 of 3rd period - Wrist shot by Jesse Joensuu.
2:05 of 3rd period - Stopped by Chris Mason with a rebound.
2:29 of 3rd period - Matt Irwin is hit by Jamie McGinn and loses puck.
2:48 of 3rd period - Slapshot by Zach Boychuk.
2:48 of 3rd period - Shot Misses the Net.
2:50 of 3rd period - Backhand shot by Matt Hunwick.
2:50 of 3rd period - Deflect By Zach Boychuk.
2:50 of 3rd period - Shot Hit the Post.
2:50 of 3rd period - Puck is out of play.
2:51 of 3rd period - Cody Bass wins face-off versus Patrice Cormier in Little Stars zone.
3:16 of 3rd period - Raphael Diaz is hit by Michael Haley and loses puck.
4:08 of 3rd period - Radko Gudas is hit by Barry Tallackson and loses puck.
4:47 of 3rd period - Snap shot by Zach Boychuk.
4:47 of 3rd period - Shot Blocked by Danny DeKeiser.
4:49 of 3rd period - Slapshot by Enver Lisin.
4:49 of 3rd period - Stopped by Peter Budaj without a rebound.
4:50 of 3rd period - Marcus Kruger wins face-off versus Patrice Cormier in Little Stars zone.
5:21 of 3rd period - Slapshot by Matt Irwin.
5:21 of 3rd period - Shot Blocked by Jesse Joensuu.
6:01 of 3rd period - Snap shot by Hugh Jessiman.
6:01 of 3rd period - Stopped by Chris Mason with a rebound.
6:41 of 3rd period - Slapshot by Matt Hunwick.
6:41 of 3rd period - Shot Misses the Net.
6:55 of 3rd period - Slapshot by Matt Hunwick.
6:55 of 3rd period - Shot Misses the Net.
6:57 of 3rd period - Slapshot by Patrice Cormier.
6:57 of 3rd period - Shot Blocked by Dennis Everberg.
6:59 of 3rd period - Wrist shot by Patrice Cormier.
6:59 of 3rd period - Shot Misses the Net.
7:07 of 3rd period - Minor Penalty to Jamie McGinn for Hooking.
7:08 of 3rd period - Sean Avery wins face-off versus Patrice Cormier in Little Stars zone.
7:23 of 3rd period - Wrist shot by Enver Lisin.
7:23 of 3rd period - Stopped by Peter Budaj with a rebound.
7:25 of 3rd period - Minor Penalty to Mathieu Roy for Interference.
7:26 of 3rd period - Patrice Cormier wins face-off versus Sean Avery in Little Stars zone.
7:27 of 3rd period - Wrist shot by Enver Lisin.
7:27 of 3rd period - Shot Misses the Net.
7:29 of 3rd period - Slapshot by Andrew MacDonald.
7:29 of 3rd period - Shot Blocked by Raphael Diaz.
7:31 of 3rd period - Snap shot by Zach Boychuk.
7:31 of 3rd period - Shot Misses the Net.
7:33 of 3rd period - Slapshot by Patrice Cormier.
7:33 of 3rd period - Goal by Patrice Cormier - Blackdemons : 6 - Little Stars : 3.
7:34 of 3rd period - Sean Avery wins face-off versus Patrice Cormier in neutral zone.
8:16 of 3rd period - Jared Spurgeon is hit by Barry Tallackson.
8:26 of 3rd period - Ryan Vesce is hit by Jakub Kindl and loses puck.
8:47 of 3rd period - Wrist shot by Barry Tallackson.
8:47 of 3rd period - Stopped by Peter Budaj without a rebound.
8:48 of 3rd period - Patrice Cormier wins face-off versus Sean Avery in Little Stars zone.
8:51 of 3rd period - Slapshot by Matt Irwin.
8:51 of 3rd period - Shot Blocked by Sean Avery.
8:59 of 3rd period - Slapshot by Matt Irwin.
8:59 of 3rd period - Stopped by Peter Budaj with a rebound.
9:01 of 3rd period - Wrist shot by Zach Boychuk.
9:01 of 3rd period - Shot Misses the Net.
9:03 of 3rd period - Slapshot by Matt Irwin.
9:03 of 3rd period - Shot Misses the Net.
9:25 of 3rd period - Penalty to Mathieu Roy is over, Mathieu Roy is back on ice.
9:43 of 3rd period - Radko Gudas is hit by Michael Haley and loses puck.
9:58 of 3rd period - Snap shot by Dana Tyrell.
9:58 of 3rd period - Goal by Dana Tyrell - Blackdemons : 6 - Little Stars : 4.
9:59 of 3rd period - Patrice Cormier wins face-off versus Sean Avery in neutral zone.
10:25 of 3rd period - Icing by Jakub Kindl.
10:26 of 3rd period - Shawn Matthias wins face-off versus Cody Bass in Blackdemons zone.
10:26 of 3rd period - Shawn Matthias is hit by Ryan Vesce.
11:30 of 3rd period - Ryan Vesce is hit by Calvin de Haan and loses puck.
12:11 of 3rd period - Steve Oleksy is hit by Dana Tyrell and loses puck.
12:43 of 3rd period - Richard Park is hit by Jesse Joensuu and loses puck.
13:08 of 3rd period - Barry Tallackson is hit by Marcus Kruger and loses puck.
13:27 of 3rd period - Snap shot by Zach Boychuk.
13:27 of 3rd period - Stopped by Peter Budaj with a rebound.
13:29 of 3rd period - Slapshot by Andrew MacDonald.
13:29 of 3rd period - Deflect By Zach Boychuk.
13:29 of 3rd period - Goal by Zach Boychuk - Blackdemons : 7 - Little Stars : 4.
13:30 of 3rd period - Marcus Kruger wins face-off versus Patrice Cormier in neutral zone.
14:00 of 3rd period - Jesse Joensuu is hit by Barry Tallackson and loses puck.
14:21 of 3rd period - Dana Tyrell is hit by Michael Haley and loses puck.
14:54 of 3rd period - Slapshot by Enver Lisin.
14:54 of 3rd period - Stopped by Peter Budaj without a rebound.
14:55 of 3rd period - Patrice Cormier wins face-off versus Erik Haula in Little Stars zone.
15:20 of 3rd period - Steve Oleksy is hit by Marcus Kruger and loses puck.
15:39 of 3rd period - Jesse Joensuu is hit by Eric Wellwood and loses puck.
16:22 of 3rd period - Snap shot by Matt Irwin.
16:22 of 3rd period - Stopped by Peter Budaj without a rebound.
16:23 of 3rd period - Wayne Primeau wins face-off versus Cody Bass in Little Stars zone.
16:50 of 3rd period - Enver Lisin is hit by Hugh Jessiman and loses puck.
17:37 of 3rd period - Wrist shot by Eric Wellwood.
17:37 of 3rd period - Shot Blocked by Radko Gudas.
17:57 of 3rd period - Snap shot by Michael Haley.
17:57 of 3rd period - Shot Misses the Net.
18:03 of 3rd period - Snap shot by Wayne Primeau.
18:03 of 3rd period - Shot Misses the Net.
18:13 of 3rd period - Wrist shot by Enver Lisin.
18:13 of 3rd period - Stopped by Peter Budaj without a rebound.
18:14 of 3rd period - Patrice Cormier wins face-off versus Erik Haula in Little Stars zone.
18:48 of 3rd period - Backhand shot by Jakub Kindl.
18:48 of 3rd period - Deflect By Barry Tallackson.
18:48 of 3rd period - Deflect By Raphael Diaz.
18:48 of 3rd period - Stopped by Peter Budaj with a rebound.
18:50 of 3rd period - Wrist shot by Shawn Matthias.
18:50 of 3rd period - Shot Misses the Net.
18:52 of 3rd period - Backhand shot by Barry Tallackson.
18:52 of 3rd period - Stopped by Peter Budaj without a rebound.
18:53 of 3rd period - Wayne Primeau wins face-off versus Marcus Kruger in Little Stars zone.
19:28 of 3rd period - Slapshot by Enver Lisin.
19:28 of 3rd period - Shot Blocked by Jesse Joensuu.
19:56 of 3rd period - Wrist shot by Enver Lisin.
19:56 of 3rd period - Stopped by Peter Budaj with a rebound.
19:58 of 3rd period - Slapshot by Steve Oleksy.
19:58 of 3rd period - Stopped by Peter Budaj with a rebound.
Goals for this period are 2 for Blackdemons vs 1 for Little Stars.
Shots for this period are 15 for Blackdemons vs 3 for Little Stars.


Output by the SimonT Hockey Simulator (STHS) for François Prévost -- Original Page W3C XHTML 1.0 Valid
Hockey Simulator - Hockey Simulation - Hockey Manager